| TOP OF THE 1ST |
|
Toledo Mud Hens batting - Pitching for Louisville Stallions : RHP Al Gallegos
|
|
Pitching: RHP Al Gallegos
|
|
|
Batting: LHB George LaCoe
|
0-0: Ball 1-0: Ball 2-0: Swinging Strike 2-1: Foul Ball, location: 2F 2-2: Ground out 4-3 (Groundball, 4, EV 82.5 MPH)
|
|
Batting: LHB Ron Diggle
|
0-0: Swinging Strike 0-1: Ball 1-1: Called Strike 1-2: Ball 2-2: Ball 3-2: Foul Ball, location: 2F 3-2: Ground out 4-3 (Groundball, 4, EV 82.5 MPH)
|
|
Batting: SHB Ken Henderson
|
0-0: Ball 1-0: Called Strike 1-1: Foul Ball, location: 2F 1-2: Foul Ball, location: 2F 1-2: Foul Ball, location: 2F 1-2: Ball 2-2: Ball 3-2: Base on Balls
|
|
Batting: RHB Gorman Thomas
|
0-0: Called Strike 0-1: Called Strike 0-2: Ball Wild Pitch! Ken Henderson to second 1-2: Ball 2-2: Strikes out swinging
|
| Top of the 1st over - 0 runs, 0 hits, 0 errors, 1 left on base; Toledo 0 - Louisville 0 |
| BOTTOM OF THE 1ST |
|
Louisville Stallions batting - Pitching for Toledo Mud Hens : RHP James Moyer
|
|
Pitching: RHP James Moyer
|
|
|
Batting: SHB Harry Chappas
|
0-0: Called Strike 0-1: Called Strike 0-2: Strikes out swinging
|
|
Batting: RHB Stephen Dembowski
|
0-0: Ball 1-0: Called Strike 1-1: Ground out U3 (Groundball, 13, EV 89.4 MPH)
|
|
Batting: LHB Ted May
|
0-0: Foul Ball, location: 2F 0-1: Foul Ball, location: 2F 0-2: Ball 1-2: Foul Ball, location: 2F 1-2: Ball 2-2: Ball 3-2: Fly out, F9 (Line Drive, 9D, EV 90.0 MPH)
|
| Bottom of the 1st over - 0 runs, 0 hits, 0 errors, 0 left on base; Toledo 0 - Louisville 0 |
| TOP OF THE 2ND |
|
Toledo Mud Hens batting - Pitching for Louisville Stallions : RHP Al Gallegos
|
|
Batting: RHB Milt Jefferson
|
0-0: SINGLE (Groundball, 4MD, EV 102.5 MPH)
|
|
Batting: RHB Don Lyle
|
0-0: Called Strike 0-1: Ball 1-1: Ball 2-1: 2-RUN HOME RUN (Flyball, 78XD, EV 103.1 MPH), Distance : 419 ft
|
|
Batting: LHB Rich Coggins
|
0-0: Foul Ball, location: 2F 0-1: Called Strike 0-2: Ball 1-2: Fly out, F7 (Line Drive, 7, EV 88.8 MPH)
|
|
Batting: RHB Dennis Odom
|
0-0: Ball 1-0: Foul Ball, location: 2F 1-1: Foul Ball, location: 2F 1-2: Ball 2-2: Fly out, F3 (Popup, 3F, EV 54.4 MPH)
|
|
Batting: RHB Larry Patterson
|
0-0: Fly out, F1 (Line Drive, P, EV 62.5 MPH)
|
| Top of the 2nd over - 2 runs, 2 hits, 0 errors, 0 left on base; Toledo 2 - Louisville 0 |
| BOTTOM OF THE 2ND |
|
Louisville Stallions batting - Pitching for Toledo Mud Hens : RHP James Moyer
|
|
Batting: SHB Orestes Destrade
|
0-0: Ball 1-0: Ball 2-0: Called Strike 2-1: Ball 3-1: Foul Ball, location: 2F 3-2: Strikes out looking
|
|
Batting: SHB Gerald DeSimone
|
0-0: Ball 1-0: Ball 2-0: Called Strike 2-1: Swinging Strike 2-2: Ball 3-2: Foul Ball, location: 2F 3-2: Strikes out swinging
|
|
Batting: LHB Steven Mobberley
|
0-0: Ball 1-0: Called Strike 1-1: Swinging Strike 1-2: Ball 2-2: Ball 3-2: SINGLE (Groundball, 56S, EV 69.4 MPH) (infield hit)
|
|
Batting: RHB Kelly Heath
|
0-0: Called Strike 0-1: Ball 1-1: Ball 2-1: Fly out, F8 (Line Drive, 8LM, EV 92.5 MPH)
|
| Bottom of the 2nd over - 0 runs, 1 hit, 0 errors, 1 left on base; Toledo 2 - Louisville 0 |
| TOP OF THE 3RD |
|
Toledo Mud Hens batting - Pitching for Louisville Stallions : RHP Al Gallegos
|
|
Batting: LHB George LaCoe
|
0-0: Ball 1-0: Ball 2-0: Ball 3-0: Base on Balls
|
|
Batting: LHB Ron Diggle
|
0-0: Swinging Strike 0-1: Ball 1-1: Ball 2-1: Foul Ball, location: 2F 2-2: Fly out, F8 (Flyball, 8LXD, EV 110.0 MPH)
|
|
Batting: SHB Ken Henderson
|
0-0: Ball George LaCoe is caught stealing 2nd base 2-6 1-0: Foul Ball, location: 2F 1-1: Ball 2-1: Fly out, F7 (Flyball, 7S, EV 90.0 MPH)
|
| Top of the 3rd over - 0 runs, 0 hits, 0 errors, 0 left on base; Toledo 2 - Louisville 0 |
| BOTTOM OF THE 3RD |
|
Louisville Stallions batting - Pitching for Toledo Mud Hens : RHP James Moyer
|
|
Batting: LHB John Tucker
|
0-0: Ball 1-0: Foul Ball, location: 2F 1-1: Ball 2-1: Ball 3-1: Ground out 6-3 (Groundball, 6, EV 89.4 MPH)
|
|
Batting: RHB Gordy Hodgson
|
0-0: Ball 1-0: Ball 2-0: Fly out, F4 (Popup, 4M, EV 60.0 MPH)
|
|
Batting: SHB Harry Chappas
|
0-0: Ball 1-0: Called Strike 1-1: Ball 2-1: Ball 3-1: Foul Ball, location: 2F 3-2: Foul Ball, location: 2F 3-2: Fly out, F5 (Popup, 5F, EV 64.4 MPH)
|
| Bottom of the 3rd over - 0 runs, 0 hits, 0 errors, 0 left on base; Toledo 2 - Louisville 0 |
| TOP OF THE 4TH |
|
Toledo Mud Hens batting - Pitching for Louisville Stallions : RHP Al Gallegos
|
|
Batting: RHB Gorman Thomas
|
0-0: Ball 1-0: Ground out 6-3 (Groundball, 6, EV 80.6 MPH)
|
|
Batting: RHB Milt Jefferson
|
0-0: Fly out, F8 (Flyball, 8LD, EV 101.3 MPH)
|
|
Batting: RHB Don Lyle
|
0-0: SINGLE (Groundball, 56D, EV 102.5 MPH) (infield hit)
|
|
Batting: LHB Rich Coggins
|
0-0: Called Strike 0-1: Called Strike 0-2: SINGLE (Line Drive, 5D, EV 98.1 MPH) Don Lyle to second
|
|
Batting: RHB Dennis Odom
|
0-0: Ball 1-0: SINGLE (Line Drive, 78S, EV 107.5 MPH) Don Lyle to third Rich Coggins to second
|
|
Batting: RHB Larry Patterson
|
0-0: Foul Ball, location: 2F 0-1: Ball 1-1: Foul Ball, location: 2F 1-2: Ball 2-2: Ball 3-2: Base on Balls Don Lyle scores Rich Coggins to third Dennis Odom to second
|
|
Batting: LHB George LaCoe
|
0-0: Ball 1-0: Foul Ball, location: 2F 1-1: Foul Ball, location: 2F 1-2: Fly out, F2 (Popup, 2RF, EV 87.5 MPH)
|
| Top of the 4th over - 1 run, 3 hits, 0 errors, 3 left on base; Toledo 3 - Louisville 0 |
| BOTTOM OF THE 4TH |
|
Louisville Stallions batting - Pitching for Toledo Mud Hens : RHP James Moyer
|
|
Batting: RHB Stephen Dembowski
|
0-0: Ball 1-0: Foul Ball, location: 2F 1-1: Ball 2-1: Called Strike 2-2: Strikes out swinging
|
|
Batting: LHB Ted May
|
0-0: Called Strike 0-1: Swinging Strike 0-2: Ball 1-2: Strikes out swinging
|
|
Batting: SHB Orestes Destrade
|
0-0: Ball 1-0: Fly out, F9 (Line Drive, 9D, EV 97.5 MPH)
|
| Bottom of the 4th over - 0 runs, 0 hits, 0 errors, 0 left on base; Toledo 3 - Louisville 0 |
| TOP OF THE 5TH |
|
Toledo Mud Hens batting - Pitching for Louisville Stallions : RHP Al Gallegos
|
|
Batting: LHB Ron Diggle
|
0-0: SINGLE (Groundball, 34D, EV 103.1 MPH)
|
|
Batting: SHB Ken Henderson
|
0-0: Ball 1-0: Ball 2-0: 2-RUN HOME RUN (Flyball, 89XD, EV 100.0 MPH), Distance : 390 ft
|
|
Pitching: RHP Don Welchel
|
|
|
Batting: RHB Gorman Thomas
|
0-0: Fly out, F7 (Flyball, 7LS, EV 85.0 MPH)
|
|
Batting: RHB Milt Jefferson
|
0-0: Called Strike 0-1: Fly out, F9 (Line Drive, 9, EV 93.8 MPH)
|
|
Batting: RHB Don Lyle
|
0-0: Called Strike 0-1: Ball 1-1: Fly out, F8 (Line Drive, 8LD, EV 92.5 MPH)
|
| Top of the 5th over - 2 runs, 2 hits, 0 errors, 0 left on base; Toledo 5 - Louisville 0 |
| BOTTOM OF THE 5TH |
|
Louisville Stallions batting - Pitching for Toledo Mud Hens : RHP James Moyer
|
|
Batting: SHB Gerald DeSimone
|
0-0: Ball 1-0: Ball 2-0: Ball 3-0: Called Strike 3-1: Base on Balls
|
|
Batting: LHB Steven Mobberley
|
0-0: Ball 1-0: Foul Ball, location: 2F 1-1: Fly out, F9 (Flyball, 89D, EV 105.6 MPH)
|
|
Batting: RHB Kelly Heath
|
0-0: Called Strike Gerald DeSimone steals 2nd base 0-1: Called Strike 0-2: Ball 1-2: Foul Ball, location: 2F 1-2: Ball 2-2: Ball 3-2: Foul Ball, location: 2F 3-2: Foul Ball, location: 2F 3-2: Fly out, F6 (Line Drive, 6, EV 68.1 MPH)
|
|
Batting: LHB John Tucker
|
0-0: Ball 1-0: Foul Ball, location: 2F 1-1: DOUBLE (Groundball, 3L, EV 106.3 MPH) Gerald DeSimone scores
|
|
Batting: RHB Gordy Hodgson
|
0-0: Ball 1-0: Ball 2-0: Called Strike 2-1: Ground out 1-3 (Groundball, P, EV 69.4 MPH)
|
| Bottom of the 5th over - 1 run, 1 hit, 0 errors, 1 left on base; Toledo 5 - Louisville 1 |
| TOP OF THE 6TH |
|
Toledo Mud Hens batting - Pitching for Louisville Stallions : RHP Don Welchel
|
|
Batting: LHB Rich Coggins
|
0-0: Ball 1-0: Fly out, F6 (Popup, 6, EV 63.8 MPH)
|
|
Batting: RHB Dennis Odom
|
0-0: Ball 1-0: Ground out 5-3 (Groundball, 5, EV 109.4 MPH)
|
|
Batting: RHB Larry Patterson
|
0-0: Ball 1-0: Ball 2-0: Ball 3-0: Called Strike 3-1: Base on Balls
|
|
Batting: LHB George LaCoe
|
0-0: Called Strike 0-1: Fly out, F8 (Flyball, 8LS, EV 76.9 MPH)
|
| Top of the 6th over - 0 runs, 0 hits, 0 errors, 1 left on base; Toledo 5 - Louisville 1 |
| BOTTOM OF THE 6TH |
|
Louisville Stallions batting - Pitching for Toledo Mud Hens : RHP James Moyer
|
|
Batting: SHB Harry Chappas
|
0-0: Ball 1-0: Ball 2-0: Ball 3-0: Called Strike 3-1: Foul Ball, location: 2F 3-2: Ground out 4-3 (Groundball, 34, EV 99.4 MPH)
|
|
Batting: RHB Stephen Dembowski
|
0-0: Ball 1-0: Ball 2-0: Ball 3-0: Called Strike 3-1: Foul Ball, location: 2F 3-2: Base on Balls
|
|
Batting: LHB Ted May
|
0-0: Called Strike 0-1: Swinging Strike 0-2: Strikes out swinging
|
|
Batting: SHB Orestes Destrade
|
0-0: Ball 1-0: Ball 2-0: Fly out, F7 (Line Drive, 7, EV 90.0 MPH)
|
| Bottom of the 6th over - 0 runs, 0 hits, 0 errors, 1 left on base; Toledo 5 - Louisville 1 |
| TOP OF THE 7TH |
|
Toledo Mud Hens batting - Pitching for Louisville Stallions : RHP Don Welchel
|
|
Batting: LHB Ron Diggle
|
0-0: Foul Ball, location: 2F 0-1: Ball 1-1: Called Strike 1-2: Ball 2-2: Ball 3-2: Strikes out swinging
|
|
Batting: SHB Ken Henderson
|
0-0: Swinging Strike 0-1: Foul Ball, location: 2F 0-2: Ball 1-2: Strikes out looking
|
|
Batting: RHB Gorman Thomas
|
0-0: Ball 1-0: SOLO HOME RUN (Flyball, 89XD, EV 105.6 MPH) (Inside the Park)
|
|
Batting: RHB Milt Jefferson
|
0-0: Ground out 6-3 (Groundball, 6M, EV 100.0 MPH)
|
| Top of the 7th over - 1 run, 1 hit, 0 errors, 0 left on base; Toledo 6 - Louisville 1 |
| BOTTOM OF THE 7TH |
|
Louisville Stallions batting - Pitching for Toledo Mud Hens : RHP James Moyer
|
|
Batting: SHB Gerald DeSimone
|
0-0: Ball 1-0: Ground out 4-3 (Groundball, 4S, EV 78.1 MPH)
|
|
Batting: LHB Steven Mobberley
|
0-0: Foul Ball, location: 2F 0-1: Called Strike 0-2: Foul Ball, location: 2F 0-2: Ground out 5-3 (Groundball, 5, EV 106.3 MPH)
|
|
Batting: RHB Kelly Heath
|
0-0: Called Strike 0-1: Ball 1-1: Swinging Strike 1-2: Ball 2-2: Foul Ball, location: 2F 2-2: Foul Ball, location: 2F 2-2: Foul Ball, location: 2F 2-2: Ball 3-2: Fly out, F6 (Popup, 6D, EV 50.6 MPH)
|
| Bottom of the 7th over - 0 runs, 0 hits, 0 errors, 0 left on base; Toledo 6 - Louisville 1 |
| TOP OF THE 8TH |
|
Toledo Mud Hens batting - Pitching for Louisville Stallions : RHP Don Welchel
|
|
Batting: RHB Don Lyle
|
0-0: Ball 1-0: Called Strike 1-1: Foul Ball, location: 2F 1-2: Strikes out swinging
|
|
Batting: LHB Rich Coggins
|
0-0: Ball 1-0: Called Strike 1-1: Swinging Strike 1-2: Fly out, F6 (Flyball, 56D, EV 90.0 MPH)
|
|
Batting: RHB Dennis Odom
|
0-0: Ground out 6-3 (Groundball, 6, EV 81.3 MPH)
|
| Top of the 8th over - 0 runs, 0 hits, 0 errors, 0 left on base; Toledo 6 - Louisville 1 |
| BOTTOM OF THE 8TH |
|
Louisville Stallions batting - Pitching for Toledo Mud Hens : RHP James Moyer
|
|
Batting: LHB John Tucker
|
0-0: Ball 1-0: Ground out 6-3 (Groundball, 6, EV 78.1 MPH)
|
|
Batting: RHB Gordy Hodgson
|
0-0: Ball 1-0: Fly out, F7 (Line Drive, 7D, EV 105.6 MPH)
|
|
Batting: SHB Harry Chappas
|
0-0: Ball 1-0: Foul Ball, location: 2F 1-1: Swinging Strike 1-2: Foul Ball, location: 2F 1-2: Fly out, F4 (Line Drive, 4, EV 63.8 MPH)
|
| Bottom of the 8th over - 0 runs, 0 hits, 0 errors, 0 left on base; Toledo 6 - Louisville 1 |
| TOP OF THE 9TH |
|
Toledo Mud Hens batting - Pitching for Louisville Stallions : RHP Don Welchel
|
|
Batting: RHB Larry Patterson
|
0-0: Ball 1-0: Swinging Strike 1-1: Ball 2-1: Swinging Strike 2-2: Ball 3-2: Foul Ball, location: 2F 3-2: Foul Ball, location: 2F 3-2: Ground out 6-3 (Groundball, 6, EV 105.6 MPH)
|
|
Batting: LHB George LaCoe
|
0-0: Ball 1-0: Foul Ball, location: 2F 1-1: Swinging Strike 1-2: Ball 2-2: Fly out, F8 (Flyball, 8RM, EV 95.0 MPH)
|
|
Batting: LHB Ron Diggle
|
0-0: Foul Ball, location: 2F 0-1: Called Strike 0-2: Ball 1-2: Strikes out swinging
|
| Top of the 9th over - 0 runs, 0 hits, 0 errors, 0 left on base; Toledo 6 - Louisville 1 |
| BOTTOM OF THE 9TH |
|
Louisville Stallions batting - Pitching for Toledo Mud Hens : RHP James Moyer
|
|
Batting: RHB Stephen Dembowski
|
0-0: Ball 1-0: Ground out 4-3 (Groundball, 34, EV 83.1 MPH)
|
|
Batting: LHB Ted May
|
0-0: Foul Ball, location: 2F 0-1: Ground out 5-3 (Groundball, 56, EV 96.9 MPH)
|
|
Batting: SHB Orestes Destrade
|
0-0: Ball 1-0: Called Strike 1-1: Ball 2-1: Foul Ball, location: 2F 2-2: Foul Ball, location: 2F 2-2: Ball 3-2: Foul Ball, location: 2F 3-2: SINGLE (Line Drive, 9LS, EV 103.1 MPH)
|
|
Pitching: RHP Kenneth Noble
|
|
|
Batting: SHB Gerald DeSimone
|
0-0: Ball 1-0: Ball 2-0: Swinging Strike 2-1: Called Strike 2-2: Ball 3-2: Base on Balls Orestes Destrade to second
|
|
Batting: LHB Steven Mobberley
|
0-0: Ball 1-0: DOUBLE (Flyball, 3D, EV 94.4 MPH) Orestes Destrade scores Gerald DeSimone to third
|
|
Batting: RHB Kelly Heath
|
0-0: Ball 1-0: Ball 2-0: Ball 3-0: Called Strike 3-1: Foul Ball, location: 2F 3-2: Foul Ball, location: 2F 3-2: Fly out, F7 (Flyball, 7LS, EV 96.3 MPH)
|
| Bottom of the 9th over - 1 run, 2 hits, 0 errors, 2 left on base; Toledo 6 - Louisville 2 |
|